 Dungeon Crawl Stone Soup version 0.30-a0-414-gcb316572d5 (webtiles) character file.

Game seed: 10009588234127111573

7243 Chaicat the Fighter (level 10, -1/94 HPs)
             Began as a Minotaur Fighter on Dec 6, 2022.
             Was an Elder of the Shining One.
             Engulfed by a cloud of flame (16 damage)
             ... on level 9 of the Dungeon on Dec 7, 2022.
             The game lasted 00:17:01 (8425 turns).

Chaicat the Fighter (Minotaur Fighter)              Turns: 8425, Time: 00:17:02

Health: -1/94      AC: 14    Str: 24    XL:     10   Next: 88%
Magic:  11/11      EV:  8    Int:  5    God:    the Shining One [****..]
Gold:   1041       SH: 12    Dex: 11    Spells: 9/9 levels left

rFire   . . .      SeeInvis .    a - +1 war axe (elec)
rCold   . . .      Faith    .    c - +1 buckler
rNeg    + + .      Spirit   .    r - +1 chain mail {rPois}
rPois   +          Reflect  +    (helmet restricted)
rElec   .          Harm     .    f - +0 cloak
rCorr   +          Rampage  .    (no gloves)
Will    .....                    (no boots)
Stlth   ..........               v - amulet of reflection
HPRegen 0.35/turn                e - ring of resist corrosion
MPRegen 0.12/turn                w - ring of flight

@: about to teleport, flying, glowing
A: horns 2, retaliatory headbutt
a: Renounce Religion, Divine Shield, Cleansing Flame


You were on level 9 of the Dungeon.
You worshipped the Shining One.
The Shining One was greatly pleased with you.
You visited 1 branch of the dungeon, and saw 9 of its levels.

You collected 1041 gold pieces.

Inventory:

Hand Weapons
 a - a +1 war axe of electrocution (weapon)
 y - a +4 flail
Armour
 c - a +1 buckler (worn)
 f - a +0 cloak (worn)
 r - a +1 chain mail of poison resistance (worn)
Jewellery
 e - a ring of resist corrosion (left hand)
 k - a +4 ring of evasion
 v - an amulet of reflection (around neck)
 w - a ring of flight (right hand)
Wands
 l - a wand of quicksilver (7)
 n - a wand of paralysis (12)
 t - a wand of digging (4)
 z - a wand of polymorph (2)
Scrolls
 b - 4 scrolls of identify
 g - 3 scrolls of fog
 p - 5 scrolls of teleportation
 x - a scroll of enchant armour
Potions
 d - a potion of might
 h - 3 potions of lignification
 i - 3 potions of haste
 j - a potion of flight
 m - a potion of attraction
 o - a potion of ambrosia
 q - 3 potions of heal wounds
 s - a potion of mutation
 u - a potion of curing
 A - a potion of resistance


   Skills:
 + Level 10.7 Fighting
 + Level 10.4 Axes
 + Level 10.7 Armour
 - Level 10.0 Shields
 + Level 2.8 Invocations


You had 9 spell levels left.
You didn't know any spells.
Your spell library contained the following spells:

 Spells                   Type           Power      Damage    Failure   Level
 Magic Dart               Conj           0%         1d3       98%         1
 Call Imp                 Summ           0%         N/A       99%         2
 Mephitic Cloud           Conj/Pois/Air  0%         N/A       100%        3
 Ozocubu's Armour         Ice            0%         N/A       100%        3
 Metabolic Englaciation   Hex/Ice        0%         N/A       100%        5
 Simulacrum               Ice/Necr       0%         N/A       100%        6


Dungeon Overview and Level Annotations

Branches:
Dungeon (9/15)             Temple (0/1) D:6
   Lair: D:8-11         Orc: D:9-12

Altars:
Dithmenos
Elyvilon
Fedhas
Gozag
Makhleb
Nemelex Xobeh
Ru
Sif Muna
Uskayaw
Xom
Yredelemnul
The Shining One

Annotations:
D:8 exclusion: orange crystal statue


Innate Abilities, Weirdness & Mutations

You have a pair of horns on your head.
You reflexively headbutt those who attack you in melee.


Message History

No target in view!
Found a burning altar of Makhleb and a blossoming altar of Fedhas.
Items here: ))))) [[ ††††††.
Okay, then.
Found three altars.
The altar is a mimic!
The altar mimic giggles and vanishes in a puff of smoke!
The altar is a mimic!
The altar mimic chuckles and vanishes in a puff of smoke!
The altar is a mimic!
The altar mimic guffaws and vanishes in a puff of smoke!
You now have 1041 gold pieces (gained 7).
Items here: ))))) [[ ††††††.
There is an open door, spattered with blood here.
You reach down and open the door.
There is an open door here.
You're in a travel-excluded area, stopping explore.
You're in a travel-excluded area, stopping explore.
Found 10 poisoned darts.
Found 4 stones.
Found 8 poisoned darts.
You are engulfed in blazing flames.
You are engulfed in blazing flames.
You are engulfed in blazing flames.
Things that are here:
4 poisoned darts; a +0 dagger You reach down and open the gate.
There is an open gate here.
You start resting.
You're standing in a cloud of flame!
You are engulfed in blazing flames.
There is an open gate here.
You are engulfed in blazing flames.
You are engulfed in blazing flames.
* * * LOW HITPOINT WARNING * * *
Things that are here:
4 stones; a +0 club
As you read the scroll of teleportation, it crumbles to dust.
You feel strangely unstable.
You are engulfed in blazing flames.
You die...

##### ##########
#...# #........#
#...# #........#
#...# #........#
####°''# #..)......
#§§§°.°# #........#
####.@.# #....)...#
#.((######..[.....#
#...°☼(#..........#
#...####.........>.
####...#
#...........
#§§§○..#
###.........
####○..#
####........
#...####..#..####.#
#.°°°§§##.##.#.##.#


There were no monsters in sight!

Vanquished Creatures
  2 two-headed ogres
  Maggie (D:7)
  A komodo dragon (D:6)
  A slime creature (D:6)
  Sigmund (D:6)
  A shadow (D:6)
  A wraith (D:9)
  An acid dragon (D:6)
  4 water moccasins
  2 orc warriors
  2 black bears
  2 sky beasts
  2 ice beasts (D:6)
  3 ogres (D:5)
  A centaur (D:8)
  3 phantoms
  4 kobold brigands
  5 bullfrogs
  5 scorpions
  12 wights
  3 killer bees (D:9)
  5 howler monkeys
  2 hounds
  2 jellies
  5 orc priests
  2 gnoll boudas (D:6)
  2 iguanas (D:5)
  Ijyb (D:2)
  13 orc wizards
  Robin (D:4)
  11 gnolls
  11 adders
  5 shadow imps
  7 white imps
  4 ufetubi
  A worm (D:2)
  2 dart slugs
  34 orcs
  3 ball pythons
  8 endoplasms
  28 goblins
  8 hobgoblins
  3 jackals (D:4)
  28 kobolds
  6 quokkas
  3 bats
  3 frilled lizards
  10 rats
265 creatures vanquished.

Vanquished Creatures (others)
  A kobold brigand (D:9)
  3 kobolds (D:9)
  4 demonic plants (D:8)
8 creatures vanquished.

Grand Total: 273 creatures vanquished

Notes
Turn   | Place    | Note
-------+----------+-------------------------------------------
     0 | D:1      | Chaicat the Minotaur Fighter began the quest for the Orb.
     0 | D:1      | Reached XP level 1. HP: 19/19 MP: 0/0
   114 | D:1      | Reached XP level 2. HP: 27/27 MP: 1/1
   544 | D:1      | Reached XP level 3. HP: 33/33 MP: 2/2
   738 | D:2      | Upgraded the game from 0.30-a0-394-g3e4acdb0ae to
                  | 0.30-a0-414-gcb316572d5
  1005 | D:2      | Reached XP level 4. HP: 40/40 MP: 3/3
  1013 | D:2      | Noticed Ijyb
  1025 | D:2      | Killed Ijyb
  1567 | D:3      | Reached XP level 5. HP: 47/47 MP: 4/4
  1743 | D:3      | Found a glowing golden altar of the Shining One.
  2069 | D:3      | Became a worshipper of the Shining One
  2280 | D:4      | Noticed a black bear
  2287 | D:4      | Killed a black bear
  2288 | D:4      | Reached skill level 5 in Fighting
  2288 | D:4      | Reached skill level 5 in Armour
  2288 | D:4      | Reached skill level 5 in Shields
  2288 | D:4      | Reached XP level 6. HP: 52/56 MP: 5/5
  2435 | D:4      | Found a white marble altar of Elyvilon.
  3116 | D:4      | Noticed Robin
  3123 | D:4      | Killed Robin
  3385 | D:5      | Entered Level 5 of the Dungeon
  3391 | D:5      | Reached skill level 5 in Axes
  3391 | D:5      | Reached XP level 7. HP: 61/62 MP: 6/6
  3586 | D:5      | Reached * piety under the Shining One
  3587 | D:5      | Reached XP level 8. HP: 20/71 MP: 7/7
  3880 | D:5      | Found a shimmering blue altar of Sif Muna.
  3922 | D:5      | Found a basalt altar of Yredelemnul.
  3932 | D:5      | Found an opulent altar of Gozag.
  3970 | D:5      | Found a burning altar of Makhleb.
  4208 | D:5      | Found a blossoming altar of Fedhas.
  4690 | D:6      | Found a staircase to the Ecumenical Temple.
  4793 | D:6      | Noticed Sigmund
  4796 | D:6      | Found a hide-covered altar of Uskayaw.
  4803 | D:6      | Killed Sigmund
  4804 | D:6      | Reached XP level 9. HP: 81/81 MP: 8/8
  5217 | D:6      | Noticed a komodo dragon
  5225 | D:6      | Killed a komodo dragon
  5637 | D:6      | Noticed a two-headed ogre
  5637 | D:6      | Reached ** piety under the Shining One
  5641 | D:6      | Killed a two-headed ogre
  5805 | D:7      | Reached XP level 10. HP: 91/91 MP: 9/9
  6729 | D:7      | Found a sparkling altar of Nemelex Xobeh.
  6729 | D:7      | Noticed Maggie
  6735 | D:7      | Killed Maggie
  6736 | D:7      | Reached skill level 10 in Fighting
  6736 | D:7      | Reached skill level 10 in Armour
  6736 | D:7      | Reached skill level 10 in Shields
  6989 | D:8      | Noticed an orange crystal statue
  7010 | D:8      | Reached *** piety under the Shining One
  7118 | D:8      | Reached skill level 1 in Invocations
  7235 | D:8      | Found a shadowy altar of Dithmenos.
  7735 | D:8      | Found a sacrificial altar of Ru.
  7843 | D:9      | Noticed a two-headed ogre
  7851 | D:9      | Reached skill level 10 in Axes
  7852 | D:9      | Killed a two-headed ogre
  7985 | D:9      | Reached **** piety under the Shining One
  8308 | D:9      | Found a snail-covered altar of Cheibriados.
  8337 | D:9      | Found a burning altar of Makhleb.
  8337 | D:9      | Found a blossoming altar of Fedhas.
  8339 | D:9      | Found a glowing golden altar of the Shining One.
  8339 | D:9      | Found a shimmering altar of Xom.
  8339 | D:9      | Found an ancient bone altar of Kikubaaqudgha.
  8425 | D:9      | Engulfed by a cloud of flame

Illustrated notes

Levels and vault maps discovered:
D:1:      shiori_arrival_maze, layout_loops_ring,
          hangedman_decor_clover_reticule
D:2:      kennysheep_the_goblin_king, layout_rooms
D:3:      layout_loops_ring, marbit_many_paths
D:4:      kennysheep_goblin_castle, layout_gridville,
          mainiacjoe_overflow_alcove_4, item_on_display_a
D:5:      layout_basic, mainiacjoe_overflow_surrounded_room,
          overflow_temple_1_default, kennysheep_mini_moat,
          hangedman_feature_mirror
D:6:      minmay_klotski, layout_basic, nicolae_uskayaw_dance_hall,
          minmay_temple_entry_junction, uniq_sigmund
D:7:      layout_basic, kennysheep_little_box, st_stairs_3, uniq_maggie
D:8:      layout_cave_pools, grunt_dithmenos_smoke_and_mirrors, serial_demonic,
          serial_demonic_a, serial_demonic_e, serial_demonic_g,
          serial_demonic_a, serial_demonic_f, kennysheep_diamond,
          disabler_island
D:9:      layout_basic, doesnt_xom_only_xom, nicolae_vehumet_altar_sigil,
          lemuel_flamethrower_hall

Skill      XL: |  1  2  3  4  5  6  7  8  9 10 |
---------------+-------------------------------+-----
Fighting       | 4 5 6 7 9 10 | 10.7
Axes           | 3 4 5 6 7 9 10 | 10.4
Armour         | 4 5 6 7 9 10 | 10.7
Shields        | 4 5 6 8 9 10 | 10.0
Invocations    | 2 |  2.8

Action                   |  1- 3 |  4- 6 |  7- 9 | 10-12 || total
-------------------------+-------+-------+-------+-------++-------
Melee: War axe           |    86 |   112 |   136 |   168 ||   502
       Headbutt          |    14 |    17 |    20 |    29 ||    80
  Use: Scroll            |     5 |     6 |     3 |     7 ||    21
Armor: Scale mail        |    39 |    71 |    13 |       ||   123
       Chain mail        |       |       |    61 |    46 ||   107
Dodge: Dodged            |    43 |    76 |    48 |    53 ||   220
Block: Buckler           |    14 |    29 |    34 |   100 ||   177
       Reflection        |       |       |       |    10 ||    10

Table legend: (Time is in decaauts)
 A = Elapsed time spent in this place.
 B = Non-inter-level travel time spent in this place.
 C = Inter-level travel time spent in this place.
 D = Time resting spent in this place.
 E = Time spent auto-exploring this place.
 F = Levels seen in this place.
 G = Mean time per level.
                   A        B        C        D        E       F      G
               +--------+--------+--------+--------+--------+-----+--------+
         Total |   8527 |   8211 |    316 |    853 |   5834 |   9 |  947.4 |
       Dungeon |   8527 |   8211 |    316 |    853 |   5834 |   9 |  947.4 |
               +--------+--------+--------+--------+--------+-----+--------+

Top non-repeatable levels by time:
     D:6: 1407 daAuts
     D:4: 1286 daAuts
     D:7: 1218 daAuts
     D:5: 996 daAuts
     D:8: 876 daAuts
     D:2: 772 daAuts
     D:3: 743 daAuts
     D:1: 649 daAuts
     D:9: 576 daAuts
